[Event "IIFL Wealth  4th Mumbai Junior U-13"]
[Site "Mumbai"]
[Date "2018.12.31"]
[Round "2"]
[White "Prakhar Chaturvedi"]
[Black "Aditya Ramanathan"]
[Result "0-1"]
[ECO "C55"]
[WhiteElo "1235"]
[BlackElo "1493"]
[Annotator "NA RC"]
[PlyCount "106"]
[EventDate "2018.12.30"]
[EventType "swiss"]
[EventCountry "IND"]
[SourceTitle "playchess.com"]
[Source "ChessBase"]
[SourceQuality "1"]
[TimeControl "40/5400+30:1800+30"]

1. e4 e5 2. Nf3 Nc6 3. d4 exd4 4. Bc4 Nf6 5. e5 Ng4 6. Bxf7+ Kxf7 7. Ng5+ Kg8 8. Qxg4 d6 9. e6 Qf6 10. Qe4 h6 11. Qd5 Ne7 12. Qa5 hxg5 13. Bxg5 Qxe6+ 14. Kd1 Qg4+ 15. Kd2 b6 16. Qb5 c6 17. Qb3+ Be6 18. Qg3 Qxg3 19. fxg3 Nd5 20. Na3 Nf6 21. Rae1 Bd5 22. Rhf1 Ne4+ 23. Kd3 Nxg5 24. Kxd4 g6 25. c4 Bg7+ 26. Kd3 Bxg2 27. Rf2 Be4+ 28. Rxe4 Nxe4 29. Kxe4 Re8+ 30. Kd3 Rh5 31. Rd2 Bh6 32. Rf2 Re3+ 33. Kc2 Rhe5 34. Rf6 Re2+ 35. Kb3 R5e3+ 36. Ka4 a6 37. Rxg6+ Kh7 38. Rxd6 b5+ 39. cxb5 cxb5+ 40. Ka5 Rxb2 41. Kxa6 Rxa3+ 42. Kb6 Raxa2 43. Rd7+ Bg7 44. h4 Ra3 45. g4 Rh3 46. h5 Rh4 47. g5 Rxh5 48. Rd5 b4 49. Kc6 b3 50. Kd6 Rg2 51. g6+ Rxg6+ 52. Kc5 Rxd5+ 53. Kxd5 b2 {[%emt 0:00:04] Ke5} 0-1

[Event "IIFL Wealth  4th Mumbai Junior U-13"]
[Site "Mumbai"]
[Date "2018.12.31"]
[Round "2"]
[White "Roy Aanya"]
[Black "Arjun Sidharth S"]
[Result "1/2-1/2"]
[ECO "B92"]
[WhiteElo "1232"]
[BlackElo "1489"]
[Annotator "NA RC"]
[PlyCount "68"]
[EventDate "2018.12.30"]
[EventType "swiss"]
[EventCountry "IND"]
[SourceTitle "playchess.com"]
[Source "ChessBase"]
[SourceQuality "1"]
[TimeControl "40/5400+30:1800+30"]

1. e4 c5 2. Nf3 d6 3. d4 cxd4 4. Nxd4 Nf6 5. Nc3 a6 6. Be2 e5 7. Nb3 Be6 8. Be3 Nbd7 9. O-O b5 10. a3 Be7 11. Kh1 O-O 12. f4 exf4 13. Bxf4 Ne5 14. Nd4 Qc8 15. Nxe6 Qxe6 16. Nd5 Nxd5 17. exd5 Qd7 18. b3 Bf6 19. Ra2 Rac8 20. a4 Ra8 21. axb5 axb5 22. Rxa8 Rxa8 23. Bxe5 Bxe5 24. Qd3 Rb8 25. c4 bxc4 26. bxc4 Qe7 27. Rc1 Re8 28. g3 g6 29. Bf1 Qa7 30. Qc2 Qd4 31. Rd1 Qg4 32. Re1 Rc8 33. Qe2 Qd4 34. Qe3 Qc5 1/2-1/2

[Event "IIFL Wealth  4th Mumbai Junior U-13"]
[Site "Mumbai"]
[Date "2018.12.31"]
[Round "2"]
[White "Aarna Chugh"]
[Black "Ridwan Syed"]
[Result "1-0"]
[ECO "D00"]
[WhiteElo "1164"]
[BlackElo "1261"]
[Annotator "NA RC"]
[PlyCount "86"]
[EventDate "2018.12.30"]
[EventType "swiss"]
[EventCountry "IND"]
[SourceTitle "playchess.com"]
[Source "ChessBase"]
[SourceQuality "1"]
[TimeControl "40/5400+30:1800+30"]

1. d4 d5 2. Bf4 Nf6 3. e3 Bf5 4. c4 e6 5. Nc3 Bb4 6. Nf3 Nbd7 7. Be2 Bxc3+ 8. bxc3 Ne4 9. Qb3 b6 10. cxd5 Ndf6 11. Bb5+ Kf8 12. Qb4+ Kg8 13. dxe6 Bxe6 14. Bc6 Rb8 15. O-O Bd5 16. Ne5 Rc8 17. f3 a5 18. Qb2 Nd6 19. e4 Bc4 20. Nxc4 Nxc4 21. Qe2 Na3 22. Bg5 h6 23. Bxf6 Qxf6 24. Ba4 Kh7 25. e5 Qe7 26. Qd3+ g6 27. Rfe1 Rhd8 28. Bb3 Kg7 29. e6 f5 30. Qe3 Nb5 31. Qe5+ Kh7 32. Qxb5 Rd6 33. Qe5 Rcd8 34. Rad1 a4 35. Bc4 b5 36. Qxb5 Rb6 37. Qxa4 Rdd6 38. Rb1 Ra6 39. Bxa6 Rxe6 40. Rxe6 Qxe6 41. Kf2 h5 42. Qc4 Qe7 43. g3 Kh6 1-0

[Event "IIFL Wealth  4th Mumbai Junior U-13"]
[Site "Mumbai"]
[Date "2018.12.31"]
[Round "2"]
[White "Dabhade Arnav"]
[Black "Larmet, Nino"]
[Result "1-0"]
[ECO "C50"]
[WhiteElo "1064"]
[BlackElo "1835"]
[Annotator "NA RC"]
[PlyCount "76"]
[EventDate "2018.12.30"]
[EventType "swiss"]
[EventCountry "IND"]
[SourceTitle "playchess.com"]
[Source "ChessBase"]
[SourceQuality "1"]
[TimeControl "40/5400+30:1800+30"]

1. e4 e5 2. Nf3 Nc6 3. Bc4 Bc5 4. Nc3 Nf6 5. d3 h6 6. O-O O-O 7. Be3 Bb6 8. h3 d6 9. Qd2 Na5 {[%emt 0:10:32] C50: Hungarian Defence and Giuoco Pianissimo} 10. Bb5 (10. Bb3 Nxb3 11. axb3 Bd7 12. Nh2 c6 13. Bxb6 Qxb6 14. Qe3 Qxe3 15. fxe3 a6 16. Nf3 Rfe8 17. Nh4 {½-½ (49) Pridorozhni,A (2556)-Zvjaginsev,V (2660) St Petersburg 2015}) 10... Bxe3 $146 ({Predecessor:} 10... Nc6 11. Ba4 Bd7 12. Rfe1 Bxe3 13. Rxe3 Nh5 14. Bb3 Nf4 15. Nd5 Nxd5 16. Bxd5 Ne7 17. Bb3 {0-1 (39) Herzenstein,G-Etlender,G Pinneberg 1996}) 11. Qxe3 a6 12. Ba4 b5 13. Bb3 $1 Nxb3 14. axb3 c5 15. Rfe1 (15. Nxb5 $1 $16 Bxh3 16. Nxd6 (16. gxh3 axb5 17. Rxa8 Qxa8 $15) 16... Qxd6 17. gxh3) 15... Be6 16. Red1 Nh5 17. Ne2 f5 {[%emt 0:11:17] [#]} (17... a5 $11 {keeps the balance.}) 18. exf5 $1 Bxf5 19. g4 Qf6 (19... Bc8 $16 {keeps fighting.}) 20. gxf5 ({Resist} 20. gxh5 $6 Bxh3 21. Nd2 Qh4 $16) 20... Qxf5 21. Nh2 Rf6 (21... Qe6 {was called for.} 22. Re1 Nf6) 22. Rf1 Raf8 23. Kh1 ({Better is} 23. Rxa6 $18 Qc8 24. Rfa1) 23... Qc8 24. Rad1 $16 Qa8+ 25. f3 Qd5 26. Rf2 c4 27. bxc4 bxc4 28. Qe4 Qe6 29. Qxc4 d5 30. Qg4 Qf7 31. Qg2 Rg6 32. Ng4 Nf4 33. Nxf4 Qxf4 34. Qh2 Qxh2+ 35. Kxh2 Re6 36. Re1 Rb8 37. b3 Rbe8 38. Rfe2 Kf7 1-0